 Dungeon Crawl Stone Soup version 0.27.0-1-g7a089689b8 (webtiles) character file.

Game seed: 3038961284036269381

33 Brandom the Chopper (level 3, 0/33 HPs)
             Began as a Minotaur Chaos Knight on Aug 1, 2021.
             Was a Plaything of Xom.
             Slain by Jessica (3 damage)
             ... on level 3 of the Dungeon.
             The game lasted 00:04:22 (1693 turns).

Brandom the Chopper (Minotaur Chaos Knight)         Turns: 1693, Time: 00:04:24

Health: 0/33       AC:  5    Str: 17    XL:     3   Next: 12%
Magic:  2/2        EV: 11    Int:  9    God:    Xom [.....*]
Gold:   125        SH:  0    Dex:  9    Spells: 2/2 levels left

rFire    . . .     SeeInvis .   a - +0 hand axe (chaos)
rCold    . . .     Faith    .   (no shield)
rNeg     . . .     Spirit   .   b - +2 leather armour
rPois    .         Reflect  .   (helmet restricted)
rElec    .         Harm     .   (no cloak)
rCorr    .         Rampage  .   (no gloves)
Will     .....                  (no boots)
Stlth    +.........             e - amulet of regeneration
HPRegen  0.11/turn              (no ring)
MPRegen  0.08/turn              (no ring)

@: slowed, very slow
A: horns 2, retaliatory headbutt
a: Renounce Religion


You were on level 3 of the Dungeon.
You worshipped Xom.
You were Xom's teddy bear.
You visited 1 branch of the dungeon, and saw 3 of its levels.

You collected 125 gold pieces.

Inventory:

Hand Weapons
 a - a +0 hand axe of chaos (weapon)
Armour
 b - a +2 leather armour (worn)
Jewellery
 e - an amulet of regeneration (around neck)
   (Xom gifted it to you on level 3 of the Dungeon)
Scrolls
 c - a scroll of enchant armour {unknown}
 g - a scroll of blinking {unknown}
 k - a scroll of fog {unknown}
Potions
 d - a potion of ambrosia {unknown}
 f - 2 potions of brilliance {unknown}
 h - a potion of might
 i - 2 potions of lignification {unknown}
 j - 3 potions of heal wounds {@q2}


   Skills:
 + Level 4.0 Fighting
 * Level 4.3 Axes
 + Level 2.9 Armour
 + Level 1.8 Dodging


You had 2 spell levels left.
You didn't know any spells.
Your spell library contained the following spells:

 Spells                   Type           Power      Damage    Failure   Level
 Ozocubu's Armour         Ice            0%         N/A       82%         3
 Metabolic Englaciation   Hex/Ice        0%         N/A       100%        5
 Simulacrum               Ice/Necr       0%         N/A       100%        6


Dungeon Overview and Level Annotations

Branches:
Dungeon (3/15)

Altars:
Xom

Shops:
D:2 =

Annotations:
D:3 Jessica


Innate Abilities, Weirdness & Mutations

You have a pair of horns on your head.
You reflexively headbutt those who attack you in melee.


Message History

You miss something. Something hits you but does no damage.
You hear some strange, mumbled words.
Pain shoots through your body!
Unknown command.
You closely miss something. You headbutt something. Something hits you.
You hear some strange, mumbled words.
Unknown command.
Unknown command.
You hear some strange, mumbled words.
You see here an amulet of regeneration.
e - an amulet of regeneration;
f - 2 silvery potions You start putting on your amulet.
You continue putting on your amulet of regeneration. x5
You hear some strange, mumbled words.
You finish putting on your amulet of regeneration.
The amulet cannot attune itself to your injured body.
e - an amulet of regeneration (around neck)
Something hits you.
You miss something. Something hits you but does no damage.
You hear some strange, mumbled words.
Pain shoots through your body!
* * * LOW HITPOINT WARNING * * *
You miss something. Your headbutt misses something. Something hits you.
* * * LOW HITPOINT WARNING * * *
Something hits you.
* * * LOW HITPOINT WARNING * * *
You hear some strange, mumbled words.
Something tries to affect you, but you resist.
Something hits you but does no damage.
You hear some strange, mumbled words.
Something tries to affect you, but you resist.
Unknown command.
Something hits you.
* * * LOW HITPOINT WARNING * * *
You hear some strange, mumbled words.
You hear some strange, mumbled words.
You feel yourself slow down. Something hits you.
* * * LOW HITPOINT WARNING * * *
Something hits you but does no damage.
Unknown command.
Jessica appears from thin air!
Reactivating autopickup.
Jessica hits you but does no damage. Jessica hits you with a +0 dagger.
You die...
Xom guffaws!

#########
#.......#
###.#####.#
########.#.#####.#
#.......#.<......#
..######.#..@....#
###..#@##.#
#.......#
#..#.##.#
#.......#
####.#### #.# #.#
#.#


You could see Jessica (fast).

Vanquished Creatures
  A dart slug (D:2)
  An orc (D:2)
  3 endoplasms
  2 giant cockroaches (D:1)
  5 goblins
  A hobgoblin (D:2)
  A quokka (D:1)
  3 ball pythons
  5 bats (D:1)
  A frilled lizard (D:2)
  3 kobolds
  3 rats (D:1)
29 creatures vanquished.

Notes
Turn   | Place    | Note
-------+----------+-------------------------------------------
     0 | D:1      | Brandom the Minotaur Chaos Knight began the quest for the
                  | Orb.
     0 | D:1      | Reached XP level 1. HP: 19/19 MP: 0/0
   167 | D:1      | Reached XP level 2. HP: 27/27 MP: 1/1
   350 | D:1      | XOM: noise
   647 | D:1      | XOM: scenery: create altars
   680 | D:1      | XOM: divination: detect items
  1033 | D:2      | XOM: cloud trail
  1295 | D:2      | Reached XP level 3. HP: 33/33 MP: 2/2
  1324 | D:2      | Found Paokaegy's Jewellery Shop.
  1522 | D:2      | XOM: god gift: book of Winter
  1657 | D:3      | Noticed Jessica
  1661 | D:3      | XOM: god gift: dented jasper amulet {god gift}
  1693 | D:3      | Slain by Jessica

Illustrated notes

Levels and vault maps discovered:
D:1:      dpeg_arrival_pond, layout_basic
D:2:      layout_loops_ring, serial_shops, nicolae_shop_behind_doors,
          dk_noncrumbling_3, grunt_ministairs_6, lightli_corner_chamber
D:3:      layout_loops_cross, gammafunk_ghost_split, uniq_jessica

Skill      XL: |  1  2  3 |
---------------+----------+-----
Axes           | 4 |  4.3
Fighting       | 4 |  4.0
Armour         | |  2.9
Dodging        | |  1.8

Action                   || total
-------------------------++-------
Melee: Hand axe          ||    57
       Headbutt          ||     6
  Use: Scroll            ||     2
Armor: Leather armour    ||    25
Dodge: Dodged            ||    40
